 Dungeon Crawl Stone Soup version 0.29.1-12-g30fa7ad0bf (webtiles) character file.

Game seed: 13764398481037841869

23 Radix the Trooper (level 2, 0/19 HPs)
             Began as a Gargoyle Cinder Acolyte on Dec 19, 2022.
             Was a High Priest of Ignis.
             Slain by a worm (7 damage)
             ... on level 2 of the Dungeon.
             The game lasted 00:04:02 (1161 turns).

Radix the Trooper (Gargoyle Cinder Acolyte)         Turns: 1161, Time: 00:04:02

Health: 0/19       AC:  4    Str: 17    XL:     2   Next: 95%
Magic:  4/4        EV: 11    Int: 14    God:    Ignis [*****.]
Gold:   71         SH:  0    Dex:  5    Spells: 3/3 levels left

rFire   + . .      SeeInvis .   a - -1 mace (flame)
rCold   . . .      Faith    .   (no shield)
rNeg    + . .      Spirit   .   b - +0 robe
rPois   ∞          Reflect  .   (no helmet)
rElec   +          Harm     .   (no cloak)
rCorr   .          Rampage  .   (no gloves)
Will    .....                   (no boots)
Stlth   +.........              g - amulet of magic regeneration
HPRegen 0.06/turn               (no ring)
MPRegen 0.49/turn               (no ring)

@: no status effects
A: sickness immunity, AC +2, negative energy resistance 1, electricity
resistance, torment resistance 1, petrification resistance
a: Renounce Religion, Fiery Armour, Foxfire Swarm, Rising Flame


You were on level 2 of the Dungeon.
You worshipped Ignis.
Ignis was extremely pleased with you.
You visited 1 branch of the dungeon, and saw 2 of its levels.

You collected 71 gold pieces.

Inventory:

Hand Weapons
 a - a -1 mace of flaming (weapon)
Armour
 b - a +0 robe (worn)
Jewellery
 g - an amulet of magic regeneration (around neck)
Scrolls
 c - a scroll of poison {unknown}
 e - a scroll of fear {unknown}
 h - a scroll of butterflies {unknown}
 i - 3 scrolls of identify {unknown}
Potions
 d - a potion of curing {unknown}
 f - a potion of magic {unknown}


   Skills:
 + Level 3.6 Fighting
 + Level 3.2 Maces & Flails
 + Level 1.4 Spellcasting
 + Level 3.2 Fire Magic


You had 3 spell levels left.
You didn't know any spells.
Your spell library contained the following spells:

 Spells                   Type           Power      Damage    Failure   Level
 Scorch                   Fire           20%        2d6       10%         2


Dungeon Overview and Level Annotations

Branches:
Dungeon (2/15)

Altars:

Shops:
D:1 :


Innate Abilities, Weirdness & Mutations

You are immune to sickness and miasma.
Your stone body is resilient. (AC +2)
You are immune to poison.
You resist negative energy. (rN+)
You are resistant to electric shocks. (rElec)
You are resistant to unholy torment.
You are immune to petrification.


Message History

There is a large open door here.
Done exploring.
Done exploring.
You see here a +0 dagger.
There is a stone staircase leading down here.
You climb downwards.
There is a stone staircase leading up here.
The goblin unwields a +0 club.
The goblin wields a +0 sling.
The goblin shoots a sling bullet.
The sling bullet hits you.
You barely miss the goblin.
The goblin unwields a +0 sling.
The goblin wields a +0 club.
The goblin barely misses you.
You barely miss the goblin. The goblin hits you but does no damage.
The goblin closely misses you.
You sock the goblin! You burn the goblin.
You kill the goblin!
Things that are here:
a +0 club; a +0 sling HP restored.
i - 3 scrolls labelled WYMUOS BESO
Found a stone staircase leading down.
A worm comes into view.
A worm is nearby!
A worm comes into view.
Found a scroll labelled XEGROMI ECHY.
You hit the worm. You burn the worm.
The worm is lightly wounded.
The worm bites you.
You barely miss the worm.
The worm is lightly wounded.
The worm bites you!
Ouch! That really hurt!
You barely miss the worm. You barely miss the worm.
The worm closely misses you.
You hit the worm. You burn the worm.
The worm is moderately wounded.
The worm bites you but does no damage. The worm closely misses you.
You hit the worm. You burn the worm.
The worm is heavily wounded.
The worm bites you!
You die...

## ..# # ...#
##.########...##
##
#..........>....
..
#....w@w........
##
...######........
#####.#?#...##
#....###....#
#.###.# #...# #.#
#.# #### #.# .# #
#.# # # #.#


You could see 2 worms.

Vanquished Creatures
  5 ball pythons (D:1)
  A giant cockroach (D:1)
  2 goblins
  2 hobgoblins (D:1)
  2 kobolds (D:1)
  3 quokkas (D:1)
  2 bats (D:1)
  4 rats (D:1)
21 creatures vanquished.

Notes
Turn   | Place    | Note
-------+----------+-------------------------------------------
     0 | D:1      | Radix the Gargoyle Cinder Acolyte began the quest for the
                  | Orb.
     0 | D:1      | Reached XP level 1. HP: 14/14 MP: 2/2
    51 | D:1      | Found Ycogah's Book Emporium.
   147 | D:1      | Reached XP level 2. HP: 16/19 MP: 3/3
  1161 | D:2      | Slain by a worm

Illustrated notes

Levels and vault maps discovered:
D:1:      dpeg_arrival_simpleton_b, layout_loops_ring, serial_shops,
          shop_fountains
D:2:      layout_loops_ring, basic_ecumenical_altar, nrook_uturn, uniq_sigmund,
          uniq_natasha

Action                   || total
-------------------------++-------
Melee: Mace              ||    74
       Punch             ||     1
Armor: Robe              ||    28
Dodge: Dodged            ||    56
